AoeStats
← rubeolay

Arena

508112156Analyzed
4v4 RM · 10d ago on Sep 20, 2026· 51m 14s· 8 players
Game mode
Random Map
Map size
Large (8 player)
Population
200
Speed
Normal
Resources
Standard
Victory
Conquest
Starting age
Dark Age
Ending age
Imperial Age
RankedLock teamsTeams togetherTeam positionsShared explorationLock speedFull tech treeHidden civsTurbo modeCheats
Victory
Defeat
🇨🇦 Lithuanians · Canada
1026
+14
🇨🇦 Britons · Canada
1010
+15
🇨🇦 Armenians · Canada
979
+16
🇨🇦 Portuguese · Canada
944
+17
🇲🇽 Wei · Mexico
1069
-19
🇺🇸 Jurchens · United States
1017
-17
🇨🇱 Malay · Chile
1015
-17
🇵🇪 Japanese · Peru
821
-9
rubeolay
12:01 Feudal Age
17:58 Castle Age
17:59 Double-Bit Axe
17:57 Horse Collar
21:50 Fortified Wall
24:04 Bow Saw
25:13 Treadmill Crane
25:30 Stone Mining
27:57 Gold Mining
29:08 Forging
29:05 Scale Barding Armor
28:52 Fletching
29:03 Padded Archer Armor
29:44 Wheelbarrow
29:04 Town Watch
29:38 Loom
33:35 Imperial Age
31:36 Heavy Plow
33:30 Stone Shaft Mining
33:35 Gold Shaft Mining
36:21 Chemistry
40:02 Hand Cart
40:38 Husbandry
40:49 Bloodlines
40:40 Bodkin Arrow
41:21 Iron Casting
41:07 Chain Barding Armor
41:44 Ballistics
42:03 Bracer
42:32 Conscription
42:20 Fortified Bastions
42:18 Elite Iron Pagoda
43:05 Murder Holes
44:08 Leather Archer Armor
rodrigolbs
11:49 Feudal Age
15:14 Castle Age
13:24 Double-Bit Axe
22:16 Husbandry
25:33 Bow Saw
25:57 Horse Collar
30:13 Wheelbarrow
30:03 Heavy Plow
32:34 Imperial Age
32:14 Scale Barding Armor
32:19 Forging
32:35 Hand Cart
34:40 Iron Casting
34:40 Conscription
35:39 Elite Battle Elephant
37:42 Devotion
39:06 Faith
45:39 Murder Holes
45:38 Fletching
46:51 Blast Furnace
45:44 Fletching
49:49 Forced Levy
Chicago789
12:55 Feudal Age
18:35 Castle Age
18:15 Double-Bit Axe
18:11 Horse Collar
18:25 Gold Mining
22:38 Wheelbarrow
23:20 Squires
23:36 Arson
23:37 Gambesons
25:03 Heavy Plow
24:47 Pikeman
26:34 Hand Cart
26:48 Bow Saw
28:52 Ballistics
28:43 Fortified Wall
28:32 Loom
29:22 Forging
29:23 Scale Mail Armor
29:39 Stone Mining
29:41 Gold Mining
29:43 Town Watch
32:04 Gold Shaft Mining
31:18 Elite Skirmisher
31:20 Crossbowman
31:58 Fletching
34:02 Thumb Ring
33:55 Bodkin Arrow
34:50 Chain Mail Armor
35:11 Iron Casting
36:02 Yasama
36:27 Padded Archer Armor
36:57 Scale Barding Armor
40:01 Imperial Age
38:50 Leather Archer Armor
39:03 Chain Barding Armor
38:59 Leather Archer Armor
38:52 Caravan
38:59 Arson
40:28 Coinage
41:59 Two-Man Saw
42:38 Conscription
41:39 Elite Samurai
43:34 Chemistry
43:14 Conscription
43:59 Kataparuto
45:00 Capped Ram
48:32 Blast Furnace
48:03 Plate Mail Armor
DrJorgexx
10:13 Feudal Age
14:34 Castle Age
13:17 Double-Bit Axe
13:39 Horse Collar
17:05 Heavy Plow
17:19 Loom
21:08 Stone Mining
21:47 Gold Mining
22:06 Town Watch
23:10 Fletching
23:21 Padded Archer Armor
24:04 Scale Barding Armor
25:27 Bodkin Arrow
28:08 Gold Shaft Mining
28:16 Chain Barding Armor
29:04 Wheelbarrow
29:09 Town Patrol
33:07 Imperial Age
31:46 Hand Cart
32:33 Padded Archer Armor
33:08 Ballistics
32:59 Masonry
32:59 Town Patrol
33:30 Leather Archer Armor
34:00 Bracer
35:05 Chemistry
34:03 Murder Holes
34:24 Bow Saw
34:46 Crop Rotation
34:42 Fortified Wall
35:32 Parthian Tactics
35:13 Thumb Ring
37:09 Ring Archer Armor
36:03 Elite Tiger Cavalry
37:05 Conscription
36:52 Treadmill Crane
39:09 Forging
39:32 Ming Guang Armor
40:16 Stone Shaft Mining
40:35 Iron Casting
42:16 Blast Furnace
41:44 Tuntian
42:21 Hoardings
Lord_KotchRocket
10:50 Feudal Age
15:17 Castle Age
14:37 Double-Bit Axe
14:44 Man-at-Arms
20:00 Squires
19:25 Long Swordsman
22:40 Squires
22:01 Two-Handed Swordsman
23:17 Horse Collar
26:33 Pikeman
28:24 Bow Saw
29:31 Fortified Wall
30:12 Loom
31:03 Wheelbarrow
31:31 Ballistics
32:33 Town Watch
35:38 Imperial Age
34:15 Scale Mail Armor
34:26 Forging
34:02 Halberdier
35:52 Chain Mail Armor
35:55 Fletching
37:26 Conscription
37:17 Gold Mining
38:52 Chemistry
38:02 Capped Ram
39:02 Heavy Plow
38:56 Gambesons
38:56 Arson
40:37 Plate Mail Armor
40:43 Iron Casting
41:02 Siege Ram
42:52 Fereters
43:02 Murder Holes
43:09 Champion
44:45 Stone Mining
49:03 Blast Furnace
48:17 Bodkin Arrow
GoatLord
11:21 Feudal Age
16:18 Castle Age
14:22 Double-Bit Axe
19:01 Bow Saw
24:59 Stone Mining
25:32 Horse Collar
26:16 Heavy Plow
26:39 Scale Barding Armor
29:56 Wheelbarrow
30:29 Chain Barding Armor
33:30 Imperial Age
32:00 Gold Mining
32:37 Forging
32:31 Husbandry
32:42 Bloodlines
33:28 Hand Cart
34:24 Cavalier
35:41 Plate Barding Armor
35:41 Iron Casting
35:29 Conscription
34:35 Elite Skirmisher
36:35 Thumb Ring
37:18 Ballistics
37:58 Chemistry
37:24 Paladin
39:42 Fletching
39:55 Scale Mail Armor
40:26 Pikeman
41:07 Squires
40:53 Arson
41:30 Halberdier
42:49 Murder Holes
43:15 Bombard Tower
43:17 Fortified Wall
44:32 Crop Rotation
driplord
11:17 Feudal Age
17:07 Castle Age
21:17 Double-Bit Axe
22:44 Bow Saw
23:28 Stone Mining
25:55 Horse Collar
28:24 Husbandry
33:17 Imperial Age
30:53 Town Watch
31:43 Wheelbarrow
31:55 Heated Shot
34:09 Gold Mining
35:55 Two-Man Saw
35:08 Heavy Plow
34:43 Pikeman
35:44 Town Patrol
36:01 Hand Cart
36:49 Conscription
37:51 Chemistry
37:03 Scale Mail Armor
37:14 Forging
37:56 Chain Mail Armor
37:11 Cavalier
41:32 Plate Mail Armor
41:38 Iron Casting
41:09 Scale Barding Armor
42:06 Arquebus
44:16 Blast Furnace
44:13 Halberdier
45:25 Elite Organ Gun
Pool
10:17 Feudal Age
14:30 Castle Age
12:40 Double-Bit Axe
13:10 Horse Collar
20:03 Bow Saw
21:02 Loom
21:20 Pikeman
23:38 Wheelbarrow
24:58 Hand Cart
24:52 Stone Mining
30:49 Imperial Age
28:20 Fletching
28:31 Padded Archer Armor
28:36 Town Watch
28:56 Gold Mining
29:32 Bodkin Arrow
29:39 Scale Mail Armor
29:50 Forging
29:44 Heavy Plow
29:59 Squires
31:41 Ballistics
31:21 Crossbowman
33:10 Gold Shaft Mining
34:00 Chemistry
34:58 Arson
35:30 Chain Mail Armor
35:17 Bracer
35:49 Onager
36:38 Siege Engineers
36:29 Murder Holes
37:29 Conscription
38:17 Yeomen
39:38 Leather Archer Armor
39:59 Iron Casting
39:39 Chain Mail Armor
38:47 Arbalester
38:54 Halberdier
41:52 Ring Archer Armor
42:23 Blast Furnace
43:41 Fortified Wall
44:56 Warwolf
44:28 Elite Longbowman
45:11 Warwolf
44:35 Elite Longbowman
46:33 Plate Mail Armor
48:59 Warwolf
Connection lost

Rejoining the realm…

Still unreachable

The connection could not be restored.

Session expired

The server has moved on; the page needs a fresh start.